 Dungeon Crawl Stone Soup version 0.21-a0-442-g848f44b (webtiles) character file.

828 theanonym the Basher (level 8, -2/91 HPs)
             Began as a Formicid Fighter on Nov 14, 2017.
             Was an Initiate of Cheibriados.
             Killed by divine providence
             ... invoked by an orc priest
              (11 damage)
             ... on level 5 of the Dungeon.
             The game lasted 00:09:42 (4315 turns).

theanonym the Basher (Formicid Fighter)             Turns: 4315, Time: 00:09:42

Health: -2/91      AC: 24    Str: 30    XL:     8   Next: 18%
Magic:  8/8        EV:  2    Int:  8    God:    Cheibriados [......]
Gold:   112        SH: 10    Dex: 11    Spells: 7/7 levels left

rFire    + . .     SeeInvis .   a - +0 flail
rCold    x . .     Gourm    .   c - +0 shield
rNeg     + + +     Faith    .   (armour currently unavailable)
rPois    +         Spirit   .   (helmet unavailable)
rElec    .         Reflect  .   (cloak currently unavailable)
rCorr    .         Harm     .   (gloves currently unavailable)
MR       +....                  (boots currently unavailable)
Stlth    +.........             (no amulet)
HPRegen  0.25/turn              h - ring of fire {rF+, rC-}
MPRegen  0.11/turn              j - ring of protection from magic {MR+}

@: mighty, tree-form (expiring), very slow
A: permanent stasis, dig shafts and tunnels, four strong arms
a: Bend Time, Renounce Religion


Innate Abilities, Weirdness & Mutations

You cannot be hasted, slowed, berserked, paralysed or teleported.
You can dig through walls and to a lower floor.
Your four strong arms can wield two-handed weapons with a shield.
((You have a pair of large antennae on your head. (SInv)))


   Skills:
 + Level 4.3 Fighting
 * Level 8.4 Maces & Flails
 - Level 3.2 Armour
 - Level 3.6 Shields
 + Level 0.9 Invocations


You had 7 spell levels left.
You didn't know any spells.

Skill      XL: |  1  2  3  4  5  6  7 |
---------------+----------------------+-----
Maces & Flails | 3 4 5 7 8 |  8.4
Fighting       | 4 |  4.3
Armour         | |  3.2
Shields        | |  3.6
Invocations    | |  0.9

Action                   |  1- 3 |  4- 6 |  7- 9 || total
-------------------------+-------+-------+-------++-------
Melee: Flail             |    96 |   171 |   125 ||   392
Throw: Tomahawk          |       |       |    10 ||    10
 Abil: Dig               |       |     2 |     1 ||     3
Evoke: Wand              |       |       |     1 ||     1
  Use: Scroll            |       |     6 |       ||     6
       Potion            |       |     1 |     2 ||     3
  Eat: Chunk             |       |     7 |     5 ||    12
Armor: Scale mail        |    23 |       |       ||    23
       Plate armour      |    20 |    88 |    46 ||   154
       Skin              |       |       |     2 ||     2
Dodge: Dodged            |    19 |    26 |    22 ||    67
Block: Shield            |    50 |    75 |    55 ||   180

Inventory:

Hand Weapons
 a - a +0 flail (weapon)
Missiles
 s - 33 arrows
 u - 3 tomahawks (quivered)
 B - 33 bolts
Armour
 b - a +0 scale mail
 c - a +0 shield (worn)
 m - a +0 plate armour (melded)
   (You found it on level 1 of the Dungeon)
 A - a +0 pair of boots
   (You found it on level 5 of the Dungeon)
Jewellery
 h - a ring of fire (left branch) {rF+, rC-}
   (You found it on level 1 of the Dungeon)
 j - a ring of protection from magic (right branch) {MR+}
   (You found it on level 1 of the Dungeon)
Wands
 y - a wand of paralysis (0/24)
   (You found it on level 4 of the Dungeon)
Scrolls
 g - 2 scrolls of immolation
 k - 2 scrolls of random uselessness {unknown}
 l - a scroll of noise {unknown}
 n - 4 scrolls of teleportation {unknown}
 o - a scroll of magic mapping {unknown}
 p - 4 scrolls of remove curse
 q - 2 scrolls of fog {!r}
 r - a scroll of identify
 v - 2 scrolls of enchant weapon {unknown}
 C - a scroll of fear {!r}
 D - a scroll of vulnerability {unknown}
Potions
 e - a potion of resistance
 i - a potion of lignification
 t - a potion of haste
 x - 2 potions of flight
Comestibles
 f - 2 bread rations
 w - 2 meat rations
 z - 3 fruits
 E - a royal jelly

Dungeon Overview and Level Annotations

Branches:
Dungeon (5/15)             Temple (1/1) D:5

Altars:
Cheibriados
Dithmenos
Elyvilon
Fedhas
Gozag
Hepliaklqana
Makhleb
Qazlal
Ru
Sif Muna
Trog
Uskayaw
Vehumet
Wu Jian
Xom
Zin
The Shining One

Shops:
D:5 }(*}?

Annotations:
D:5 1 runed door


You were on level 5 of the Dungeon.
You worshipped Cheibriados.
Cheibriados was noncommittal.
You were not hungry.
You were a tree.
You visited 2 branches of the dungeon, and saw 6 of its levels.

You collected 202 gold pieces.
You spent 90 gold pieces at shops.


Message History

You hit the hound.
You kill the hound!
Cheibriados appreciates the change of pace.
No target in view!
No target in view!
No target in view!
You start resting.
Health restored: 60 Unknown command.
You sense a monster nearby.
A giant cockroach comes into view.
You see here a tomahawk.
You sock the giant cockroach!
You kill the giant cockroach!
Cheibriados appreciates the change of pace.
No target in view!
No target in view!
No target in view!
You butcher the giant cockroach corpse.
F - 2 chunks of flesh
u - 3 tomahawks (gained 1)
There is an entrance to Zeckod's Gadget Shoppe here.
You now have 112 gold pieces (gained 10).
Eating one of 2 chunks of flesh.
You eat one of the 2 chunks of flesh.
A centaur zombie comes into view.
You block the centaur zombie's attack.
You sock the centaur zombie! You block the centaur zombie's attack.
You sock the centaur zombie! You block the centaur zombie's attack.
You sock the centaur zombie! You block the centaur zombie's attack.
The centaur zombie hits you but does no damage.
Your plate armour prevents you from hitting the centaur zombie.
The centaur zombie hits you but does no damage.
You hit the centaur zombie. You block the centaur zombie's attack.
You sock the centaur zombie!
You destroy the centaur zombie!
Cheibriados appreciates the change of pace.
Health restored: 61 No target in view!
No target in view!
There is a stone staircase leading down here.
Found a runed door.
There is an escape hatch in the floor here.
A frilled lizard comes into view.
The frilled lizard hisses angrily.
You block the frilled lizard's attack.
You bludgeon the frilled lizard!!
You kill the frilled lizard!
Cheibriados appreciates the change of pace.
No target in view!
No target in view!
No target in view!
An orc comes into view.
An orc and an ogre come into view.
The orc shouts!
The ogre shouts!
Found a stone staircase leading down.
An orc priest comes into view. It is wielding a club.
The orc priest shouts!
The orc priest mumbles some strange prayers to Beogh against you.
Beogh smites you! The orc closely misses you.
You take 10 damage, and have 51/61 hp.
Okay, then.
The orc barely misses you.
Okay, then.
The ogre hits you with a giant spiked club!
You take 7 damage, and have 46/61 hp.
You barely miss the ogre. You block the ogre's attack.
All of the chunks of flesh in your inventory have rotted away.
You hit the ogre but do no damage. The ogre barely misses you.
You hit the ogre. You closely miss the ogre. The orc hits you with a flail.
The ogre hits you with a giant spiked club!!
* * * LOW HITPOINT WARNING * * *
You take 25 damage, and have 23/61 hp.
MASSIVE DAMAGE!!
Your plate armour prevents you from hitting the ogre.
You block the orc's attack.
The ogre hits you with a giant spiked club!
* * * LOW HITPOINT WARNING * * *
You take 15 damage, and have 8/61 hp.
MASSIVE DAMAGE!!
You turn into a tree.
Your +0 plate armour melds into your body.
Your roots penetrate the ground.
You now have 12/91 hp.
You sock the ogre!
The ogre hits you with a giant spiked club.
* * * LOW HITPOINT WARNING * * *
The orc hits you but does no damage.
You take 2 damage, and have 10/91 hp.
You barely miss the ogre. You block the orc's attack.
You block the ogre's attack. The orc hits you but does no damage.
You feel very mighty all of a sudden. The orc hits you.
* * * LOW HITPOINT WARNING * * *
You block the ogre's attack.
You take 1 damage, and have 9/91 hp.
You hit the ogre.
Your transformation is almost over.
The orc hits you but does no damage. You block the orc's attack.
The orc priest invokes the aid of Beogh against you.
Beogh smites you!
You die...

...#########...## #.#####...⌠.⌠..
...# #...# #.#........∩... ...#
#...# #.#......<⌠.⌠#. ...#######
#..o# #.#......)..##. ...#.....#
#...# #.#...#.....##. #'######.#
#...# #.........####. #...####.#
#...# ####...........
..)...##.###...#######.∩.##.#.#..
##..#.........oO♣........##.#.#..
##..#..........oo................
......................##.##.#.#..
....#.######...#########......#..
###.#.# ##.....## ####.##### #
#.#.# #.......# #.# ## ###.#.#
##.....## ##.# #.
....#.######...### #..# #.
........##.......# #.## ##.


You could see an ogre, an orc priest and 2 orcs.

Notes
Turn   | Place    | Note
-------+----------+-------------------------------------------
     0 | D:1      | theanonym the Formicid Fighter began the quest for the Orb.
     0 | D:1      | Reached XP level 1. HP: 18/18 MP: 1/1
    44 | D:1      | Reached XP level 2. HP: 22/24 MP: 2/2
   135 | D:1      | Reached skill level 3 in Maces & Flails
   326 | D:1      | Reached XP level 3. HP: 29/29 MP: 3/3
   767 | D:2      | Found a radiant altar of Vehumet.
   997 | D:2      | Reached skill level 4 in Maces & Flails
   997 | D:2      | Reached XP level 4. HP: 34/35 MP: 4/4
  2057 | D:4      | Reached skill level 5 in Maces & Flails
  2057 | D:4      | Reached XP level 5. HP: 36/41 MP: 5/5
  2603 | D:4      | Reached XP level 6. HP: 47/47 MP: 6/6
  2654 | D:4      | Reached skill level 6 in Maces & Flails
  2794 | D:5      | Entered Level 5 of the Dungeon
  2794 | D:5      | Found Qutrek's Magic Scroll Shop.
  2794 | D:5      | Found Ibanecaa's Gadget Shop.
  2794 | D:5      | Noticed a sky beast
  2912 | D:5      | Killed a sky beast
  2914 | D:5      | Reached skill level 7 in Maces & Flails
  2914 | D:5      | Reached XP level 7. HP: 35/52 MP: 7/7
  3021 | D:5      | Bought a scroll of immolation for 35 gold pieces
  3021 | D:5      | Bought a scroll of fear for 35 gold pieces
  3021 | D:5      | Bought a scroll of fog for 20 gold pieces
  3506 | D:5      | Found Zuoqil's Assorted Antiques.
  3692 | D:5      | Noticed Eustachio
  3734 | D:5      | Killed Eustachio
  3734 | D:5      | Reached skill level 4 in Fighting
  3734 | D:5      | Reached skill level 8 in Maces & Flails
  3734 | D:5      | Reached XP level 8. HP: 60/60 MP: 8/8
  3784 | D:5      | Found a staircase to the Ecumenical Temple.
  3790 | Temple   | Entered the Ecumenical Temple
  3930 | Temple   | Became a worshipper of Cheibriados the Contemplative
  4041 | D:5      | Found Itwerini's Weapon Emporium.
  4076 | D:5      | Found Zeckod's Gadget Shoppe.
  4223 | D:5      | Found a runed door.
  4309 | D:5      | HP: 23/61 [ogre/giant spiked club (22)]
  4310 | D:5      | HP: 8/61 [ogre/giant spiked club (15)]
  4315 | D:5      | Killed from afar by an orc priest

Vanquished Creatures
  Eustachio (D:5)
  A sky beast (D:5)
  An ogre (D:5)
  A crimson imp (D:5)
  A centaur zombie (D:5)
  2 hounds (D:5)
  An orc priest (D:4)
  7 worker ants
  2 iguanas (D:4)
  A gnoll (D:1)
  3 adders
  A shadow imp (D:5)
  2 oozes
  A dart slug (D:4)
  2 leopard geckos
  10 orcs
  A ball python (D:3)
  6 giant cockroaches
  5 goblins
  10 hobgoblins
  8 kobolds
  2 quokkas
  7 bats
  3 frilled lizards
  12 rats
91 creatures vanquished.
